 Dungeon Crawl Stone Soup version 0.31-a0-692-gf03d1854d5 (webtiles) character file.

Game seed: 14276739528757052675

109 qw the Shooter (level 4, -2/28 HPs)
             Began as a Gargoyle Hunter on Sept 6, 2023.
             Slain by a gnoll
             ... wielding a +0 spear
              (8 damage)
             ... on level 3 of the Dungeon.
             The game lasted 00:00:39 (1299 turns).

qw the Shooter (Gargoyle Hunter)                    Turns: 1299, Time: 00:00:39

Health: -2/28      AC: 10    Str: 15    XL:     4   Next: 90%
Magic:  4/4        EV: 11    Int:  9    God:
Gold:   140        SH:  0    Dex: 15    Spells: 3/3 levels left

rFire   . . .        Y - +1 shortbow
rCold   . . .        (shield currently unavailable)
rNeg    + . .        e - +0 ring mail
rPois   inf          (no helmet)
rElec   +            (no cloak)
rCorr   .            (no gloves)
SInv    .            h - +1 pair of boots
Will    .....        (no amulet)
Stlth   +            (no ring)
HPRegen 0.24/turn    (no ring)
MPRegen 0.09/turn

%: no passive effects
@: no status effects
A: sickness immunity, AC +3, negative energy resistance 1, electricity
resistance, torment resistance 1, petrification resistance
a: no special abilities


You were on level 3 of the Dungeon.
You visited 1 branch of the dungeon, and saw 3 of its levels.

You collected 140 gold pieces.


Innate Abilities, Weirdness & Mutations

You are immune to sickness and miasma.
Your stone body is resilient. (AC +3)
You are immune to poison.
You resist negative energy. (rN+)
You are resistant to electric shocks. (rElec)
You are resistant to unholy torment.
You are immune to petrification.


   Skills:
 - Level 3.0 Fighting
 + Level 5.6 Ranged Weapons
 - Level 1.0 Armour
 - Level 1.5 Dodging
 - Level 1.1 Stealth


You had 3 spell levels left.
You didn't know any spells.
Your spell library was empty.

Inventory:

Hand Weapons
 Y - a +1 shortbow (weapon)
Armour
 e - a +0 ring mail (worn)
 h - a +1 pair of boots (worn)
Potions
 d - a potion of enlightenment {unknown}
 f - a potion of resistance {unknown}

Dungeon Overview and Level Annotations

Branches:
Dungeon (3/15)

Altars:


Message History

1289 ||| Stepping ~*~*~tactically~*~*~ (retreating).
The bat hits you but does no damage.
You shoot an arrow. The arrow closely misses the gnoll.
The bat barely misses you. The gnoll closely misses you.
The gnoll hits you with a +0 flail.
1291 |||
Found retreat position at 0,1 (gnoll; floor) with 0 blocking monsters and 2 monsters attacking at destination at distance 1 You shoot an arrow.
The arrow closely misses the gnoll.
The bat misses you. The bat barely misses you. The gnoll barely misses you.
The gnoll misses you. x2; The bat hits you but does no damage.
The gnoll closely misses you. The gnoll hits you with a +0 club.
The gnoll hits you but does no damage.
1292 |||
Found retreat position at -2,2 (floor) with 0 blocking monsters and 2 monsters attacking at destination at distance 4
1292 ||| Stepping ~*~*~tactically~*~*~ (retreating).
The bat misses you.
1293 |||
Found retreat position at -1,3 (floor) with 0 blocking monsters and 2 monsters attacking at destination at distance 3
1293 ||| Stepping ~*~*~tactically~*~*~ (retreating).
The bat hits you but does no damage.
1294 |||
Found retreat position at 0,1 (floor) with 0 blocking monsters and 2 monsters attacking at destination at distance 1
1294 ||| Stepping ~*~*~tactically~*~*~ (retreating).
The gnoll attacks as it pursues you! The gnoll closely misses you.
You shoot an arrow. The arrow closely misses the gnoll.
The gnoll misses you.
You shoot an arrow. The arrow hits the gnoll.
The gnoll is heavily wounded.
The gnoll hits you with a +0 flail.
The gnoll hits you from afar with a +0 spear.
You shoot an arrow. The arrow closely misses the gnoll.
The arrow closely misses the bat.
The gnoll hits you from afar with a +0 spear.
The gnoll closely misses you. The gnoll barely misses you.
You shoot an arrow. The arrow hits the gnoll!
You kill the gnoll!
The bat hits you but does no damage. x2; The gnoll barely misses you. x2
The gnoll hits you from afar with a +0 spear.
The gnoll hits you but does no damage.
You shoot an arrow. The arrow barely misses the bat.
The bat hits you but does no damage.
The gnoll hits you from afar with a +0 spear.
The gnoll hits you from afar with a +0 spear!
You die...

#~##..##~# #.#
....##
#~##..##~###.. .....
+........'.#####...#
+........'.........#
#~##..##~###.###....
#~
#..##~#...###g##.# #
~~..~~~####.g.g...#
###++#### #b#.##..#
#@#g# ....
#.#...g.g#..
#.g..##g.?.. ####.#
#.. .# . .# .# .#


You could see 2 gnolls and a bat.

Vanquished Creatures
  4 gnolls
  3 adders (D:3)
  A worm (D:2)
  An orc (D:3)
  4 endoplasms
  6 giant cockroaches
  2 goblins (D:2)
  3 hobgoblins
  4 kobolds
  A quokka (D:1)
  3 ball pythons
  2 bats
  A frilled lizard (D:1)
  6 rats
41 creatures vanquished.

Notes
Turn   | Place    | Note
-------+----------+-------------------------------------------
     0 | D:1      | qw the Gargoyle Hunter began the quest for the Orb.
     0 | D:1      | Reached XP level 1. HP: 12/12 MP: 1/1
     0 | D:1      | 0 ||| qw: Version: 0.3-a-76-g4403597
     0 | D:1      | 0 ||| qw: Game counter: 201
     0 | D:1      | 0 ||| qw: Melee chars always use a shield: true
     0 | D:1      | 0 ||| qw: God list: Okawaru
     0 | D:1      | 0 ||| qw: Allow faded altars: false
     0 | D:1      | 0 ||| qw: Do Orc after clearing Dungeon:15 true
     0 | D:1      | 0 ||| qw: Do second Lair branch before Depths: true
     0 | D:1      | 0 ||| qw: Lair rune preference: random
     0 | D:1      | 0 ||| qw: Goals: Normal
     0 | D:1      | 0 ||| PLANNING D:1-11
   273 | D:1      | Reached XP level 2. HP: 17/17 MP: 2/2
   511 | D:1      | 511 ||| UPGRADING to +0 ring mail.
   521 | D:1      | 521 ||| DROPPING +0 leather armour.
   522 | D:1      | 522 ||| UPGRADING to +1 pair of boots.
   527 | D:1      | 527 ||| READING 2 scrolls labelled REYRYESSAUN.
   528 | D:1      | 528 ||| READING scroll labelled AJALOCWI LEUCHUA.
   529 | D:1      | 529 ||| DROPPING scroll of amnesia.
   530 | D:1      | 530 ||| DROPPING scroll of butterflies.
   561 | D:2      | 561 ||| STAIRDANCE
   648 | D:2      | Reached XP level 3. HP: 21/21 MP: 3/3
   655 | D:2      | Reached skill level 1 in Armour
   669 | D:2      | Found a faded altar of an unknown god.
   945 | D:2      | Reached skill level 5 in Ranged Weapons
   955 | D:2      | Reached XP level 4. HP: 27/27 MP: 4/4
  1050 | D:2      | 1050 ||| DROPPING ring of flight.
  1051 | D:2      | 1051 ||| READING scroll labelled MIVOEN HORHYU.
  1052 | D:2      | 1052 ||| READING scroll labelled SEIKHL XERCHU.
  1053 | D:2      | 1053 ||| READING scroll labelled QAGGAC WOJACHIBBU.
  1054 | D:2      | 1054 ||| READING scroll labelled YPAAGI OCHY.
  1055 | D:2      | 1055 ||| DRINKING 2 murky purple potions.
  1097 | D:2      | 1097 ||| DRINKING 2 brown potions.
  1098 | D:2      | 1098 ||| DROPPING potion of lignification.
  1099 | D:2      | 1099 ||| DROPPING potion of magic.
  1117 | D:3      | Reached skill level 3 in Fighting
  1124 | D:3      | 1124 ||| STAIRDANCE
  1285 | D:3      | 1285 ||| RETREATING.
  1289 | D:3      | 1289 ||| Stepping ~*~*~tactically~*~*~ (retreating).
  1292 | D:3      | 1292 ||| Stepping ~*~*~tactically~*~*~ (retreating).
  1293 | D:3      | 1293 ||| Stepping ~*~*~tactically~*~*~ (retreating).
  1294 | D:3      | 1294 ||| Stepping ~*~*~tactically~*~*~ (retreating).
  1298 | D:3      | HP: 7/28 [gnoll/+0 spear (4)]
  1299 | D:3      | Slain by a gnoll

Levels and vault maps discovered:
D:1:      dpeg_arrival_stonehenge_8_columns, layout_basic, serial_park_tiny_2,
          st_stairs_8
D:2:      layout_basic, nicolae_ecumenical_lake_church
D:3:      layout_basic, gammafunk_ghost_nasty_kobolds, serial_shops,
          shop_statue, kennysheep_generic_room_5

Skill      XL: |  1  2  3  4 |
---------------+-------------+-----
Armour         | 1 |  1.0
Ranged Weapons | 5 |  5.6
Fighting       | 3 |  3.0
Dodging        | |  1.5
Stealth        | |  1.1

Action                     |  1- 3 |  4- 6 || total
---------------------------+-------+-------++-------
   Fire: Shortbow          |    86 |    62 ||   148
    Use: Scroll            |     2 |     4 ||     6
         Potion            |       |     2 ||     2
 Armour: Leather armour    |     1 |       ||     1
         Ring mail         |    11 |    86 ||    97
  Dodge: Dodged            |    12 |    73 ||    85

Table legend:
 A = Non-vault XP
 B = Vault XP
 C = Vault XP percentage of total XP
 D = Non-vault monster count
 E = Vault monster count
 F = Vault count percentage of total count
                 A         B        C        D         E       F
            +---------+---------+-------+---------+---------+-------
      Total |     128 |      29 |  18.5 |      37 |       4 |   9.8
            +---------+---------+-------+---------+---------+-------
        D:1 |      25 |       3 |  10.7 |      15 |       2 |  11.8
        D:2 |      66 |       0 |   0.0 |      15 |       0 |   0.0
        D:3 |      37 |      26 |  41.3 |       7 |       2 |  22.2
            +---------+---------+-------+---------+---------+-------
